 Dungeon Crawl Stone Soup version 0.25-a0-163-g00f8f0cddd (webtiles) character file.

Game seed: 5857916710518845970, levelgen mode: deterministic

19 Esberlond the Bolt Thrower (level 2, -3/26 HPs)
             Began as a Deep Dwarf Hunter on Nov 22, 2019.
             Slain by a kobold
             ... wielding a +2 whip of draining
              (4 damage)
             ... on level 1 of the Dungeon.
             The game lasted 00:03:17 (509 turns).

Esberlond the Bolt Thrower (Deep Dwarf Hunter)       Turns: 509, Time: 00:03:18

Health: -3/26      AC:  3    Str: 15    XL:     2   Next: 55%
Magic:  2/2        EV: 10    Int: 11    God:
Gold:   0          SH:  0    Dex: 13    Spells: 1/1 levels left

rFire    . . .     SeeInvis .   a - +1 hand crossbow
rCold    . . .     Gourm    .   (no shield)
rNeg     . . .     Faith    .   c - +0 leather armour
rPois    .         Spirit   .   (no helmet)
rElec    .         Reflect  .   (no cloak)
rCorr    .         Harm     .   (no gloves)
MR       .....                  (no boots)
Stlth    +.........             (no amulet)
HPRegen  0.00/turn              (no ring)
MPRegen  0.08/turn              (no ring)

@: non-regenerating, extremely drained
A: damage resistance, heal wounds, sense surroundings 1, no regeneration
a: Heal Wounds


You were on level 1 of the Dungeon.
You were not hungry.

You visited 1 branch of the dungeon, and saw 1 of its levels.

Inventory:

Hand Weapons
 a - a +1 hand crossbow (weapon)
 b - a +0 short sword
Missiles
 d - a bolt (quivered)
 e - 13 sling bullets
Armour
 c - a +0 leather armour (worn)
 h - a +0 pair of boots
Jewellery
 i - a +3 amulet of reflection {unknown}
Scrolls
 g - 2 scrolls of identify {unknown}
Comestibles
 f - 2 rations


   Skills:
 + Level 1.7(0.0) Fighting
 + Level 5.0(0.0) Crossbows
 + Level 0.3(0.0) Armour
 + Level 2.4(0.0) Dodging
 + Level 1.2(0.0) Stealth


You had one spell level left.
You didn't know any spells.
Your spell library was empty.

Dungeon Overview and Level Annotations

Branches:
Dungeon (1/15)

Altars:


Innate Abilities, Weirdness & Mutations

You are resistant to damage.
You can heal yourself by infusing magical energy.
You passively map a small area around you.
You do not regenerate.


Message History

The kobold misses you. The hobgoblin hits you with a +0 club.
* * * LOW HITPOINT WARNING * * *
You see here a bolt.
d - 2 bolts (gained 1)
The kobold hits you with a +2 whip of draining.
You feel drained.
Firing (i - inventory)
d - 2 bolts (quivered)
Press: ? - help, Shift-Dir - straight line, f/p - kobold
Aim: a kobold, wielding a +2 whip of draining (moderately wounded)
You shoot a bolt. The bolt closely misses the kobold.
The hobgoblin hits you with a +0 club.
* * * LOW HITPOINT WARNING * * *
The kobold hits you with a +2 whip of draining.
You feel drained. The hobgoblin misses you.
The kobold hits you but does no damage.
You feel drained.
The hobgoblin hits you but does no damage.
The hobgoblin barely misses you.
You see here a +0 dagger.
The kobold hits you with a +2 whip of draining.
You die...

* #..# * ###.# #>.#
#...* #..# ######.# *
#..###..##..##* *
,#...#...)....##
#.....(.......#
#..#...>.....(# *
#..##..(.....## *
#..##.....@..##
,#..#.(..gK....# , *
#..#..........#
..#####..##........##
.........###.(##..##
..#####.####†.#.### *
#.........# ,
#..######## #..#


You could see a hobgoblin and a kobold.

Vanquished Creatures
  An ooze (D:1)
  2 bats (D:1)
  A giant cockroach (D:1)
  4 goblins (D:1)
  A hobgoblin (D:1)
  2 jackals (D:1)
  A frilled lizard (D:1)
  A rat (D:1)
  A plant (D:1)
14 creatures vanquished.

Notes
Turn   | Place    | Note
-------+----------+-------------------------------------------
     0 | D:1      | Esberlond the Deep Dwarf Hunter began the quest for the
                  | Orb.
     0 | D:1      | Reached XP level 1. HP: 19/19 MP: 1/1
   234 | D:1      | Reached XP level 2. HP: 26/26 MP: 2/2
   382 | D:1      | Reached skill level 5 in Crossbows
   476 | D:1      | HP: 1/26 [hobgoblin/+0 club (2)]
   504 | D:1      | HP: 1/26 [hobgoblin/+0 club (4)]
   509 | D:1      | Slain by a kobold

Levels and vault maps discovered:
D:1:      kennysheep_arrival_seaside, layout_loops_ring, minivault_4,
          st_stairs_5

Skill      XL: |  1  2 |
---------------+-------+-----
Crossbows      | 5 |  5.0
Fighting       | |  1.7
Armour         | |  0.3
Dodging        | |  2.4
Stealth        | |  1.2

Action                   || total
-------------------------++-------
Melee: Hand crossbow     ||    33
 Fire: Hand crossbow     ||    55
 Abil: Heal Wounds       ||     1
Armor: Leather armour    ||    15
Dodge: Dodged            ||    34

Table legend:
 A = Non-vault XP
 B = Vault XP
 C = Vault XP percentage of total XP
 D = Non-vault monster count
 E = Vault monster count
 F = Vault count percentage of total count
                 A         B        C        D         E       F
            +---------+---------+-------+---------+---------+-------
      Total |      24 |       4 |  14.3 |      10 |       3 |  23.1
            +---------+---------+-------+---------+---------+-------
        D:1 |      24 |       4 |  14.3 |      10 |       3 |  23.1
            +---------+---------+-------+---------+---------+-------
